[Event "Titled Tuesday Blitz December 20 Late 2022"]
[White "Dias, Joao Batista"]
[Black "Herman, Daniel"]
[WhiteFideId "2108240"]
[BlackFideId "30935008"]
[WhiteElo "1898"]
[BlackElo "1897"]
[Result "1-0"]
[Round "06"]
[TimeControl "180+1"]
[Date "2022.12.21"]
[WhiteClock "0:00:23"]
[BlackClock "0:00:01"]

1. e4 Nf6 2. Nc3 d5 3. exd5 Nxd5 4. Nxd5 Qxd5 5. Qf3 Qe6+ 6. Be2 Nc6 7. c3 Qd6 8. d4 e5 9. d5 Ne7 10. c4 g6 11. Nh3 Bg7 12. O-O O-O 13. Ng5 f5 14. Qb3 b6 15. f4 e4 16. Bd2 h6 17. Nh3 a5 18. Bc3 a4 19. Qc2 a3 20. b3 Bd7 21. Bxg7 Kxg7 22. Qc3+ Qf6 23. Qe5 Nc8 24. Qxc7 Ra7 25. Qe5 Re8 26. Qxf6+ Kxf6 27. Nf2 g5 28. g3 gxf4 29. gxf4 Nd6 30. Nd1 e3 31. Nc3 Bc8 32. Rf3 Rg7+ 33. Kh1 Bb7 34. Rg1 Rxg1+ 35. Kxg1 Bc8 36. Nd1 Ne4 37. Rxe3 Rg8+ 38. Kf1 b5 39. Nf2 Nc5 40. Bf3 b4 41. Nd3 Nxd3 42. Rxd3 Bd7 43. Re3 Rc8 44. Kf2 Rc7 45. Bh5 Rc8 46. Rg3 Be8 47. Rg8 Bd7 48. Rg6+ Ke7 49. Rxh6 1-0


[Site "https://www.chess.com"]

[Event "Titled Tuesday Blitz December 20 Late 2022"]
[White "Dudzinski, Pawel"]
[Black "Kohler, Aran"]
[WhiteFideId "1117890"]
[BlackFideId "1002856"]
[WhiteElo "2099"]
[BlackElo "2342"]
[Result "1-0"]
[Round "06"]
[TimeControl "180+1"]
[Date "2022.12.21"]
[WhiteClock "0:00:10"]
[BlackClock "0:00:10"]

1. e4 c5 2. Nc3 Nc6 3. g3 g6 4. Bg2 Bg7 5. d3 d6 6. Be3 Nf6 7. h3 O-O 8. f4 Qa5 9. Qd2 Nd4 10. a3 Nd7 11. Rc1 Rb8 12. Nd1 Qxd2+ 13. Kxd2 f5 14. Ne2 fxe4 15. Bxe4 Nxe2 16. Kxe2 e6 17. c3 d5 18. Bg2 b6 19. d4 Ba6+ 20. Kd2 Rbc8 21. Nf2 cxd4 22. Bxd4 Bxd4 23. cxd4 Rc4 24. Rxc4 Bxc4 25. Rc1 Kf7 26. Ng4 Ke7 27. Ne3 Bb5 28. Rc7 a5 29. Ng4 Kd6 30. Ra7 h5 31. Ne5 Nxe5 32. dxe5+ Kc5 33. Rg7 Kd4 34. Rxg6 Ba4 35. Bf1 Rc8 36. Bd3 Bd7 37. Rg7 Rd8 38. Rh7 Be8 39. Rh6 Bf7 40. Rf6 Rd7 41. Bg6 Bxg6 42. Rxg6 Re7 43. Rg5 Ke4 44. Rxh5 d4 45. Rh8 Rg7 46. g4 Kxf4 47. Rb8 Kxe5 48. Rxb6 Kd5 49. Rb5+ Ke4 50. Rxa5 e5 51. Rb5 Rh7 52. Rb3 Rf7 53. a4 Rf2+ 54. Ke1 Rh2 55. a5 d3 56. a6 Ke3 57. Kf1 Rh1+ 58. Kg2 Ra1 59. Ra3 Rxa3 60. bxa3 d2 61. a7 d1=Q 62. a8=Q Qe2+ 63. Kg1 Qf2+ 64. Kh1 Qf1+ 65. Kh2 Qf2+ 66. Qg2 1-0


[Site "https://www.chess.com"]

[Event "Titled Tuesday Blitz December 20 Late 2022"]
[White "Eljanov, Pavel"]
[Black "Suder, Jakub"]
[WhiteFideId "14102951"]
[BlackFideId "1195310"]
[WhiteElo "2598"]
[BlackElo "2245"]
[Result "1-0"]
[Round "06"]
[TimeControl "180+1"]
[Date "2022.12.20"]
[WhiteClock "0:00:30"]
[BlackClock "0:00:57"]

1. e4 c5 2. Nf3 e6 3. d4 cxd4 4. Nxd4 Nc6 5. Nc3 Nf6 6. a3 Bc5 7. Nxc6 dxc6 8. Qxd8+ Kxd8 9. e5 Nd5 10. Ne4 Be7 11. c4 Nb6 12. Bf4 f5 13. O-O-O+ Ke8 14. Nd6+ Bxd6 15. exd6 Nd7 16. Bd3 Kf7 17. Rhe1 b6 18. Re3 g6 19. Rde1 Re8 20. h3 Kf6 21. g4 g5 22. Bxf5 gxf4 23. Rxe6+ Rxe6 24. Rxe6+ Kg5 25. Re8 Nc5 26. Rxc8 Rxc8 27. Bxc8 Kf6 28. Bf5 h5 29. b4 Nb7 30. d7 c5 31. bxc5 bxc5 32. Kd2 Ke5 33. Bg6 hxg4 34. hxg4 Kf6 35. Be4 Nd8 36. Ke2 Ke6 37. Kf3 Ke5 38. Bd5 Kd6 39. Kxf4 Kxd7 40. g5 1-0


[Site "https://www.chess.com"]

[Event "Titled Tuesday Blitz December 20 Late 2022"]
[White "Fiorito, Francisco"]
[Black "Muhammad, Shahzeb"]
[WhiteFideId "180165"]
[BlackFideId "7804806"]
[WhiteElo "2348"]
[BlackElo "2401"]
[Result "1-0"]
[Round "06"]
[TimeControl "180+1"]
[Date "2022.12.21"]
[WhiteClock "0:00:19"]
[BlackClock "0:00:01"]

1. e4 d5 2. exd5 Nf6 3. Bb5+ Nbd7 4. d4 a6 5. Be2 Nxd5 6. c4 N5f6 7. Nc3 e5 8. dxe5 Nxe5 9. Qxd8+ Kxd8 10. Bg5 Bd6 11. Ne4 Be7 12. Nxf6 gxf6 13. O-O-O+ Bd7 14. Be3 Rg8 15. g3 Kc8 16. h3 Bc6 17. Rh2 b6 18. f4 Nd7 19. g4 Bd6 20. Nf3 Re8 21. Kd2 Nc5 22. Nd4 Ne4+ 23. Kc1 Ng3 24. Bd2 Bc5 25. Nxc6 Nxe2+ 26. Kc2 Kb7 27. Re1 Ng3 28. Nb4 Ne4 29. Nd3 Nxd2 30. Kxd2 Bd6 31. Rhe2 Red8 32. Kc2 Kc6 33. Re4 a5 34. a4 Rh8 35. h4 h5 36. g5 fxg5 37. fxg5 Rhf8 38. Rf1 Rad8 39. Rf6 1-0


[Site "https://www.chess.com"]

[Event "Titled Tuesday Blitz December 20 Late 2022"]
[White "Fiorito, Joaquin"]
[Black "Skvortsov, Andrei"]
[WhiteFideId "180173"]
[BlackFideId "24108600"]
[WhiteElo "2157"]
[BlackElo "2285"]
[Result "1-0"]
[Round "06"]
[TimeControl "180+1"]
[Date "2022.12.21"]
[WhiteClock "0:00:47"]
[BlackClock "0:00:04"]

1. d4 Nf6 2. Nc3 d5 3. Bf4 c6 4. e3 Qb6 5. Rb1 Bf5 6. Bd3 Bxd3 7. cxd3 e6 8. Nf3 Nbd7 9. O-O Be7 10. a3 Nh5 11. Be5 O-O 12. b4 f6 13. Bg3 Rae8 14. Na4 Qd8 15. Nc5 Nxc5 16. bxc5 Nxg3 17. hxg3 b6 18. Qa4 Qc7 19. cxb6 axb6 20. Rfc1 Rc8 21. Qa6 b5 22. Rc3 Kf7 23. Rxb5 cxb5 24. Rxc7 Rxc7 25. Qxb5 Bxa3 26. e4 dxe4 27. dxe4 Rfc8 28. Qa6 Be7 29. d5 exd5 30. exd5 Rd8 31. Nd4 Rd6 32. Qa2 f5 33. Nxf5 Rc1+ 34. Kh2 Rf6 35. d6+ Ke8 36. Qe2 Rf7 37. Nxe7 Kd7 38. Nd5 Kxd6 39. Qd2 Rc5 40. Nf4+ Ke7 41. Qe3+ Kd6 42. Qd4+ Kc6 43. Qe4+ Kd6 44. Qe6+ Kc7 45. Qxf7+ 1-0


[Site "https://www.chess.com"]

[Event "Titled Tuesday Blitz December 20 Late 2022"]
[White "Floresvillar Gonzalez, Luis Migu"]
[Black "Shapiro, Bryan"]
[WhiteFideId "5100542"]
[BlackFideId "2087740"]
[WhiteElo "2040"]
[BlackElo "1909"]
[Result "1-0"]
[Round "06"]
[TimeControl "180+1"]
[Date "2022.12.21"]
[WhiteClock "0:01:26"]
[BlackClock "0:01:58"]

1. d4 Nf6 2. c3 e6 3. Bg5 b6 4. Nd2 Bb7 5. Qc2 h6 6. Bh4 Be7 7. e4 d6 8. f4 Nbd7 9. Bxf6 Nxf6 10. O-O-O O-O 11. e5 Ng4 12. Ndf3 Ne3 13. Qd2 Nxd1 14. Qxd1 dxe5 15. fxe5 Bg5+ 16. Kb1 Be4+ 17. Ka1 a5 18. Qe1 Bg6 19. h4 Be7 20. h5 Bh7 21. g4 a4 22. a3 Qd5 23. Bg2 Qb3 24. Nd2 Qc2 25. Bxa8 Rxa8 26. Nb1 Ra5 27. Nf3 Rb5 28. Qc1 Qb3 29. Nfd2 Qd5 30. c4 Qxd4 31. cxb5 Qxe5 32. Qc3 Qf4 33. Rf1 Qxg4 34. Qxc7 Bf8 35. Qxf7+ 1-0


[Site "https://www.chess.com"]

[Event "Titled Tuesday Blitz December 20 Late 2022"]
[White "Forgacs, Attila Jr."]
[Black "gshwbedhkhd"]
[WhiteFideId "773654"]
[WhiteElo "2168"]
[BlackElo "2574"]
[Result "0-1"]
[Round "06"]
[TimeControl "180+1"]
[Date "2022.12.21"]
[WhiteClock "0:00:06"]
[BlackClock "0:00:41"]

1. e4 c5 2. d3 Nc6 3. g3 d5 4. Nd2 Nf6 5. Ngf3 g6 6. Bg2 Bg7 7. O-O O-O 8. Re1 b6 9. a3 Bb7 10. Rb1 a5 11. exd5 Nxd5 12. Ne4 h6 13. Nfd2 f5 14. c4 Nc7 15. Nc3 Qxd3 16. Nd5 Nxd5 17. Bxd5+ Kh7 18. Re3 Qd4 19. b3 f4 20. Re4 Qd3 21. b4 fxg3 22. hxg3 Bd4 23. Re2 Qxg3+ 24. Kf1 Rxf2+ 25. Ke1 Qg1+ 26. Nf1 Qxf1+ 27. Kd2 Bc3+ 28. Kxc3 Qxd1 29. Bxc6 Rxe2 30. Bxh6 Qc2# 0-1


[Site "https://www.chess.com"]

[Event "Titled Tuesday Blitz December 20 Late 2022"]
[White "Gasparyan, David"]
[Black "Belenkaya, Dina"]
[WhiteFideId "13311980"]
[BlackFideId "24142654"]
[WhiteElo "2451"]
[BlackElo "2209"]
[Result "0-1"]
[Round "06"]
[TimeControl "180+1"]
[Date "2022.12.21"]
[WhiteClock "0:00:09"]
[BlackClock "0:00:05"]

1. e3 d5 2. d4 Nf6 3. Bd3 c5 4. c3 b6 5. f4 Bb7 6. Nf3 Ne4 7. O-O Nd7 8. Nbd2 g6 9. a4 a6 10. Qc2 Ndf6 11. Ne5 Bg7 12. Ndf3 O-O 13. Bd2 Nd6 14. Be1 c4 15. Be2 Bc8 16. Nh4 Nfe4 17. b3 f6 18. Ng4 Be6 19. bxc4 dxc4 20. Nf2 f5 21. Nf3 Bd5 22. Nxe4 Nxe4 23. Qa2 Qc7 24. Nd2 b5 25. Bf3 Nxc3 26. Qb2 Bxf3 27. Nxf3 Nxa4 28. Qa3 c3 29. Rc1 Rfc8 30. Rf2 e6 31. Rfc2 Bf8 32. Qb3 Qc4 33. Qxc4 Rxc4 34. Ne5 Rc7 35. Kf2 Rac8 36. Ra1 Bb4 37. Nd3 a5 38. Nxb4 axb4 39. Rb1 Nb2 40. Ke2 b3 41. Rcc1 b4 42. h3 Ra7 43. Kf3 Kg7 44. Ke2 Ra2 45. Kf1 Ra3 46. g4 Nd3 47. Rd1 c2 48. Rbc1 cxd1=Q 49. Rxd1 b2 50. Ke2 Rc1 51. Rd2 b1=Q 52. Bg3 Re1+ 53. Kf3 Rf1+ 54. Bf2 Rxf2+ 55. Rxf2 Nxf2 56. d5 Qe4+ 57. Kg3 Qxe3+ 58. Kh4 Qxh3+ 59. Kg5 Qxg4# 0-1


[Site "https://www.chess.com"]

[Event "Titled Tuesday Blitz December 20 Late 2022"]
[White "Gerbelli Neto, Eduardo"]
[Black "Zeman, Matyas"]
[WhiteFideId "2103281"]
[BlackFideId "364398"]
[WhiteElo "2178"]
[BlackElo "2254"]
[Result "1-0"]
[Round "06"]
[TimeControl "180+1"]
[Date "2022.12.21"]
[WhiteClock "0:00:26"]
[BlackClock "0:00:04"]

1. e4 c6 2. d4 d5 3. exd5 cxd5 4. c4 Nf6 5. Nc3 Be6 6. c5 Nc6 7. Nf3 g6 8. Bb5 Bg7 9. Ne5 Bd7 10. Bxc6 bxc6 11. O-O O-O 12. Bf4 Nh5 13. Be3 Be8 14. f4 f6 15. Nf3 Bd7 16. Qd2 Bh6 17. Rfe1 Ng7 18. Nh4 e5 19. fxe5 Bxe3+ 20. Qxe3 fxe5 21. Nf3 e4 22. Ne5 Nf5 23. Qd2 Rc8 24. Ne2 Be8 25. Rf1 Qe7 26. Ng3 Nxg3 27. Rxf8+ Qxf8 28. hxg3 Rb8 29. Rf1 Qe7 30. b3 Kg7 31. Qf4 Rb7 32. Ng4 Bd7 33. Qh6+ Kg8 34. Nf6+ Kf7 35. Nxd5+ 1-0


[Site "https://www.chess.com"]

[Event "Titled Tuesday Blitz December 20 Late 2022"]
[White "Gilmanov, Mansur"]
[Black "Yeritsyan, Hayk"]
[WhiteFideId "4166868"]
[BlackFideId "13307320"]
[WhiteElo "2377"]
[BlackElo "2408"]
[Result "1/2-1/2"]
[Round "06"]
[TimeControl "180+1"]
[Date "2022.12.21"]
[WhiteClock "0:00:03"]
[BlackClock "0:00:16"]

1. d4 d5 2. Bg5 Bf5 3. e3 c6 4. Bd3 Bxd3 5. cxd3 Nd7 6. Nc3 Ngf6 7. f4 e6 8. Nf3 Be7 9. O-O O-O 10. Ne5 c5 11. dxc5 Nxc5 12. Bxf6 Bxf6 13. d4 Bxe5 14. fxe5 Nd7 15. Qg4 a6 16. Rf3 Qe7 17. Raf1 f5 18. exf6 Rxf6 19. e4 Rxf3 20. Rxf3 Nf6 21. Qh4 Re8 22. e5 Nd7 23. Qh3 Rf8 24. Rxf8+ Nxf8 25. Ne2 Qb4 26. Qc3 Qa4 27. a3 Qd1+ 28. Kf2 h6 29. g3 Qh1 30. h4 Qh2+ 31. Ke1 Qh1+ 32. Kd2 Qb1 33. Qc2 Qxc2+ 34. Kxc2 Kf7 35. Nf4 Ng6 36. Nd3 b6 37. Nb4 a5 38. Nc6 Ne7 39. Nd8+ Kg6 40. Nxe6 Nf5 41. Kd3 Nxg3 42. Nf4+ Kf5 43. Nxd5 g5 44. hxg5 Kxg5 45. e6 Nf5 46. Ke4 h5 47. e7 h4 48. Kf3 Nd6 49. Nc7 h3 50. e8=Q Nxe8 51. Nxe8 h2 52. Kg2 Kf4 53. Nf6 Kf5 54. Nd5 Ke4 55. Nxb6 Kxd4 56. Kxh2 Kd3 57. Kg3 Kc2 58. b4 axb4 59. axb4 Kc3 60. Nd5+ Kc4 61. Kf4 Kxd5 62. Ke3 Kc4 1/2-1/2


[Site "https://www.chess.com"]

[Event "Titled Tuesday Blitz December 20 Late 2022"]
[White "Goltsev, Dmitry"]
[Black "Koutlas, Nikolaos"]
[WhiteFideId "24176710"]
[BlackFideId "25827138"]
[WhiteElo "2729"]
[BlackElo "2557"]
[Result "1-0"]
[Round "06"]
[TimeControl "180+1"]
[Date "2022.12.21"]
[WhiteClock "0:01:50"]
[BlackClock "0:00:03"]

1. e4 g6 2. h4 h5 3. Nf3 Bg7 4. d4 d6 5. Nc3 a6 6. a4 Bg4 7. Be2 Nf6 8. Bg5 Nc6 9. d5 Nb4 10. Nd4 Bxe2 11. Ndxe2 c5 12. a5 b5 13. axb6 a5 14. f3 Qxb6 15. O-O O-O 16. Qd2 Rfe8 17. Bh6 Bh8 18. Kh1 e6 19. dxe6 Rxe6 20. Nf4 Re5 21. Rfd1 Rd8 22. Bg5 Rd7 23. Nd3 Re6 24. Na4 Qd8 25. Bxf6 Qxf6 26. Ndxc5 Qxh4+ 27. Kg1 dxc5 28. Qxd7 Nxc2 29. Nxc5 Re5 30. Qd8+ Qxd8 31. Rxd8+ Kh7 32. Rxa5 Bf6 33. Rd5 Rxd5 34. exd5 Nb4 35. d6 Nc6 36. Ra6 Nd8 37. Ne4 Bxb2 38. Ra8 Bd4+ 39. Kh1 Ne6 40. d7 Bb6 41. Nf6+ Kg7 42. Nd5 Bd8 43. Nf4 Kf8 44. Nxe6+ fxe6 45. Rxd8+ Ke7 46. Rg8 1-0


[Site "https://www.chess.com"]

[Event "Titled Tuesday Blitz December 20 Late 2022"]
[White "Goncalves, Davi Sulzbacher"]
[Black "reevecanada"]
[WhiteFideId "2154510"]
[WhiteElo "2182"]
[BlackElo "2348"]
[Result "1-0"]
[Round "06"]
[TimeControl "180+1"]
[Date "2022.12.21"]
[WhiteClock "0:00:06"]
[BlackClock "0:00:25"]

1. c4 e5 2. Nc3 Nf6 3. Nf3 e4 4. Ng5 Qe7 5. Qc2 Nc6 6. Ngxe4 Nd4 7. Qd3 Nxe4 8. Qxd4 Nxc3 9. dxc3 d6 10. Bf4 Be6 11. e3 O-O-O 12. Qxa7 g5 13. Bg3 Bg7 14. c5 Bd5 15. Bb5 c6 16. cxd6 Rxd6 17. Ba6 Kd7 18. Qxb7+ Ke6 19. Qxe7+ Kxe7 20. Bxd6+ Kxd6 21. O-O Rb8 22. c4 Be4 23. Rad1+ Kc7 24. f3 Bg6 25. c5 Rxb2 26. Rf2 Rb4 27. Bd3 f5 28. h3 Bf8 29. Rc2 Be7 30. g4 f4 31. Bxg6 hxg6 32. exf4 gxf4 33. Re1 Bf8 34. Re6 Rb5 35. Rxg6 Bxc5+ 36. Kg2 Kb6 37. h4 Rb1 38. h5 Rg1+ 39. Kh2 Re1 40. h6 Re8 41. g5 Rc8 42. h7 Bd4 43. Rg8 Rc7 44. g6 Bh8 45. Rxh8 Rg7 46. Rg8 1-0


[Site "https://www.chess.com"]

[Event "Titled Tuesday Blitz December 20 Late 2022"]
[White "Goryachkina, Aleksandra"]
[Black "Saveliev, Alexei"]
[WhiteFideId "4147103"]
[BlackFideId "24128546"]
[WhiteElo "2484"]
[BlackElo "2290"]
[Result "1-0"]
[Round "06"]
[TimeControl "180+1"]
[Date "2022.12.20"]
[WhiteClock "0:00:18"]
[BlackClock "0:01:13"]

1. Nf3 g6 2. g3 Bg7 3. d4 Nf6 4. Bg2 O-O 5. c4 d6 6. O-O Nc6 7. Nc3 Nd7 8. d5 Nce5 9. Nxe5 Nxe5 10. Qb3 a5 11. Bf4 Nd7 12. Qc2 e5 13. dxe6 fxe6 14. Rad1 Nc5 15. Be3 Qe7 16. Bxc5 dxc5 17. Ne4 Rb8 18. b3 b6 19. h4 Bb7 20. Ng5 Bxg2 21. Kxg2 h6 22. Nf3 Qf7 23. Qe4 Rbd8 24. Qc6 e5 25. Rd3 Rxd3 26. exd3 Qf5 27. Qd5+ Kh7 28. Re1 Re8 29. Re2 Re7 30. Qe4 Qf6 31. h5 Rd7 32. Nh4 Rd4 33. hxg6+ Kg8 34. Qa8+ Rd8 35. Qe4 Rd4 36. Qe3 Qd8 37. Qf3 Rxd3 38. Qf7+ Kh8 39. Rxe5 Qa8+ 40. Kh2 Rd8 41. Nf5 Rg8 42. Nxg7 Qf3 43. Qxf3 1-0


[Site "https://www.chess.com"]

[Event "Titled Tuesday Blitz December 20 Late 2022"]
[White "Grave, Jacob Templen"]
[Black "Joubert, Dantelle"]
[WhiteFideId "1542656"]
[BlackFideId "14310813"]
[WhiteElo "2126"]
[BlackElo "1507"]
[Result "1-0"]
[Round "06"]
[TimeControl "180+1"]
[Date "2022.12.21"]
[WhiteClock "0:00:11"]
[BlackClock "0:00:03"]

1. Nf3 d5 2. c4 c6 3. g3 Nf6 4. Bg2 e6 5. O-O Be7 6. d4 O-O 7. Nc3 Nbd7 8. Qd3 b6 9. e4 a5 10. e5 Ne8 11. Rd1 Ba6 12. b3 c5 13. dxc5 Nxc5 14. Qe3 Bb7 15. cxd5 exd5 16. Bb2 Nc7 17. Nd4 Qc8 18. Rac1 Qg4 19. h3 Qh5 20. f4 Rae8 21. Kh2 f6 22. e6 Bd6 23. f5 Be5 24. Nf3 Bd6 25. Rd4 Qxf5 26. Nh4 Qxe6 27. Qxe6+ Rxe6 28. Rc2 Ne4 29. Nf5 Be5 30. Rd1 Ne8 31. Nxd5 Bxd5 32. Rxd5 g6 33. Bxe4 1-0


[Site "https://www.chess.com"]

[Event "Titled Tuesday Blitz December 20 Late 2022"]
[White "Han, Yichen"]
[Black "Ferreira, Vitor Hugo Vieira"]
[WhiteFideId "1054430"]
[BlackFideId "2119765"]
[WhiteElo "2323"]
[BlackElo "2146"]
[Result "1-0"]
[Round "06"]
[TimeControl "180+1"]
[Date "2022.12.21"]
[WhiteClock "0:00:08"]
[BlackClock "0:00:12"]

1. d4 d5 2. Bf4 e6 3. e3 Bd6 4. Nd2 Ne7 5. Bg3 O-O 6. Ngf3 Nf5 7. Bd3 Nxg3 8. hxg3 g6 9. e4 c5 10. c3 Re8 11. Qe2 Nc6 12. e5 Bf8 13. Qe3 cxd4 14. cxd4 Nb4 15. Bb1 Qc7 16. Ng5 h5 17. O-O Bh6 18. Ndf3 Nc2 19. Bxc2 Qxc2 20. Rac1 Qf5 21. Rc7 b6 22. Rfc1 Ba6 23. Qf4 Qxf4 24. gxf4 Rec8 25. g3 Rxc7 26. Rxc7 Rc8 27. Rxa7 Rc1+ 28. Kh2 Bd3 29. Nxf7 Bf8 30. N3g5 Rc2 31. Kg1 Bf5 32. Nd6 Bh6 33. Nxf5 Bxg5 34. Nd6 Bh6 35. Nf7 Bf8 36. Ng5 Rc6 37. a4 Bh6 38. b4 Bxg5 39. fxg5 Rc4 40. a5 Rxb4 41. axb6 Rxb6 42. Re7 Kf8 43. Rd7 Rb4 44. Rd6 Ke7 45. Kg2 Rxd4 46. Ra6 Re4 47. f4 h4 48. Ra7+ Kf8 49. Ra8+ Kf7 50. Ra7+ Ke8 51. Ra8+ Kd7 52. Ra7+ Kc6 53. Ra6+ Kc5 54. Rxe6 hxg3 55. Kxg3 Kd4 56. Rxg6 Ke3 57. Rf6 d4 58. g6 d3 59. g7 d2 60. Rd6 Rd4 61. Rxd4 Kxd4 62. g8=Q d1=Q 63. Qd8+ Ke3 64. Qxd1 Ke4 65. Qe2+ 1-0


[Site "https://www.chess.com"]

[Event "Titled Tuesday Blitz December 20 Late 2022"]
[White "Haszon, David"]
[Black "Walentukiewicz, Michal"]
[WhiteFideId "733610"]
[BlackFideId "1126903"]
[WhiteElo "2210"]
[BlackElo "2028"]
[Result "1-0"]
[Round "06"]
[TimeControl "180+1"]
[Date "2022.12.21"]
[WhiteClock "0:00:43"]
[BlackClock "0:00:45"]

1. d4 g6 2. Bf4 Bg7 3. Nc3 c5 4. dxc5 Nf6 5. e4 O-O 6. Nf3 Qa5 7. Qd2 Qxc5 8. Be3 Qa5 9. Bd3 Nc6 10. O-O d6 11. a3 Bg4 12. b4 Qd8 13. Nd4 Nxd4 14. Bxd4 Be6 15. Rad1 Qc8 16. h3 a6 17. f4 Rd8 18. f5 Bc4 19. Qe2 Bxd3 20. cxd3 Qd7 21. g4 Rac8 22. Bxf6 Bxf6 23. Nd5 Bd4+ 24. Kg2 f6 25. fxg6 hxg6 26. Nf4 Kg7 27. Rc1 Rxc1 28. Rxc1 Rc8 29. Rc4 Rxc4 30. dxc4 Be5 31. Nd5 e6 32. Ne3 Qc6 33. Qd3 Bf4 34. Nc2 b5 35. Nd4 bxc4 36. Nxe6+ Kf7 37. Nd8+ Ke8 38. Nxc6 cxd3 39. Kf3 Bc1 40. a4 Kd7 41. Nb8+ Ke6 42. Nxa6 Ke5 43. b5 d5 44. exd5 Kxd5 45. Nb4+ Kc4 46. b6 Bb2 47. b7 Be5 48. Nxd3 Kxd3 49. h4 Kc4 50. h5 gxh5 51. gxh5 Kc5 52. h6 Kc6 53. h7 f5 54. b8=Q 1-0


[Site "https://www.chess.com"]

[Event "Titled Tuesday Blitz December 20 Late 2022"]
[White "Haydon, David L"]
[Black "Vega Gutierrez, Sabrina"]
[WhiteFideId "415405"]
[BlackFideId "2219026"]
[WhiteElo "2318"]
[BlackElo "2261"]
[Result "1-0"]
[Round "06"]
[TimeControl "180+1"]
[Date "2022.12.21"]
[WhiteClock "0:02:11"]
[BlackClock "0:00:03"]

1. e4 c5 2. Nf3 e6 3. d4 cxd4 4. Nxd4 Nf6 5. Bd3 Nc6 6. Nxc6 bxc6 7. O-O e5 8. c4 Bc5 9. Nc3 O-O 10. h3 Rb8 11. Rb1 Bd4 12. Ne2 Bc5 13. a3 a5 14. Bd2 d5 15. exd5 cxd5 16. b4 axb4 17. axb4 Be7 18. c5 e4 19. Bc2 d4 20. Bf4 Ba6 21. Bxb8 Bxe2 22. Qxe2 d3 23. Bxd3 exd3 24. Qe3 Qxb8 25. Qxe7 Re8 26. Qd6 Qxd6 27. cxd6 Rd8 28. Rfd1 Rxd6 29. b5 Ne4 30. b6 Nc3 31. b7 1-0


[Site "https://www.chess.com"]

[Event "Titled Tuesday Blitz December 20 Late 2022"]
[White "Holt, Conrad"]
[Black "Jobava, Baadur"]
[WhiteFideId "2034387"]
[BlackFideId "13601520"]
[WhiteElo "2592"]
[BlackElo "2582"]
[Result "1-0"]
[Round "06"]
[TimeControl "180+1"]
[Date "2022.12.20"]
[WhiteClock "0:00:09"]
[BlackClock "0:00:09"]

1. d4 d5 2. c4 dxc4 3. e3 e5 4. Bxc4 exd4 5. exd4 Nf6 6. Nf3 Bd6 7. Qe2+ Qe7 8. Qxe7+ Kxe7 9. O-O Nc6 10. Re1+ Kf8 11. Bg5 h6 12. Bxf6 gxf6 13. Nbd2 Kg7 14. Ne4 Bb4 15. Re3 Rd8 16. d5 Ne7 17. Rd1 Nf5 18. Rb3 Be7 19. Re1 a5 20. Ng3 Bb4 21. Nh5+ Kf8 22. Rc1 Be7 23. h3 a4 24. Rbc3 a3 25. bxa3 Bxa3 26. Rb1 Be7 27. Bb3 Rd7 28. Rbc1 Bd8 29. Nd2 Nd6 30. Rf3 f5 31. Rfc3 Ra5 32. Nf3 Ne4 33. Ne5 Nxc3 34. Nxd7+ Bxd7 35. Rxc3 Ke7 36. Rf3 Kd6 37. Ng3 Ke5 38. Re3+ Kf6 39. Rf3 Kg5 40. Ne2 Be7 41. Nd4 Bc5 42. Ne2 Bd6 43. Re3 Rc5 44. Rd3 Kf6 45. Rd2 Bb5 46. g3 Bc4 47. Bxc4 Rxc4 48. Kg2 b5 49. Kf3 b4 50. Nd4 Rc3+ 51. Ke2 Ke5 52. Nf3+ Kf6 53. Rd3 Rc2+ 54. Rd2 Rc3 55. Rd3 Rc1 56. Rd1 Rxd1 57. Kxd1 Bc5 58. Ke2 Ke7 59. Nh4 Kf6 60. f4 Bd4 61. Kf3 Bc3 62. Ng2 Ke7 63. Nh4 Kf6 64. Ke2 h5 65. Ke3 Ke7 66. Nxf5+ Kd7 67. g4 hxg4 68. hxg4 Bb2 69. Ke4 Bc1 70. Ne3 Kd6 71. Nc4+ Kc5 72. Ne5 Kb5 73. Nxf7 Ka4 74. g5 Ka3 75. g6 Kxa2 76. g7 b3 77. g8=Q b2 78. Qa8+ Kb3 79. Qb7+ Ka2 80. Qa6+ Kb3 81. Qb5+ Kc2 82. Qc4+ Kd2 83. Qd3+ Ke1 84. Kf3 1-0


[Site "https://www.chess.com"]

[Event "Titled Tuesday Blitz December 20 Late 2022"]
[White "Horvath, Dominik"]
[Black "Souleidis, Georgios"]
[WhiteFideId "1642561"]
[BlackFideId "4206827"]
[WhiteElo "2405"]
[BlackElo "2401"]
[Result "1/2-1/2"]
[Round "06"]
[TimeControl "180+1"]
[Date "2022.12.20"]
[WhiteClock "0:01:08"]
[BlackClock "0:01:57"]

1. e4 c5 2. c3 Nf6 3. e5 Nd5 4. Bc4 e6 5. Nf3 d6 6. d4 cxd4 7. cxd4 Nb6 8. Bb5+ Bd7 9. Bxd7+ N8xd7 10. O-O dxe5 11. dxe5 Nc5 12. Nc3 Be7 13. Be3 O-O 14. Bxc5 Bxc5 15. Ne4 Be7 16. Qb3 Nd5 17. Qxb7 Qa5 18. Qb3 Rab8 19. Qc2 Rfc8 20. Qe2 Nf4 21. Qe3 Nd5 22. Qe2 Nf4 23. Qe3 Nd5 24. Qe2 1/2-1/2


[Site "https://www.chess.com"]

[Event "Titled Tuesday Blitz December 20 Late 2022"]
[White "Iliaguev, Nisim"]
[Black "ChessBrah"]
[WhiteFideId "2817276"]
[WhiteElo "2684"]
[BlackElo "2888"]
[Result "0-1"]
[Round "06"]
[TimeControl "180+1"]
[Date "2022.12.21"]
[WhiteClock "0:01:52"]
[BlackClock "0:02:01"]

1. d4 Nf6 2. Nf3 g6 3. g3 Bg7 4. Bg2 O-O 5. O-O d5 6. c4 dxc4 7. Ne5 Ng4 8. Nxg4 Bxg4 9. h3 Bc8 10. Nc3 Nd7 11. e4 a6 12. Be3 b5 13. e5 Nb6 14. a4 b4 15. a5 bxc3 16. axb6 cxb2 17. Rb1 Rb8 18. Rxb2 cxb6 19. f4 Bf5 20. d5 b5 21. Bc5 Qc7 0-1


[Site "https://www.chess.com"]

[Event "Titled Tuesday Blitz December 20 Late 2022"]
[White "Izeta Txabarri, Felix"]
[Black "Lopez Idarraga, Daniel Eduardo"]
[WhiteFideId "2200260"]
[BlackFideId "4405501"]
[WhiteElo "2456"]
[BlackElo "2064"]
[Result "1-0"]
[Round "06"]
[TimeControl "180+1"]
[Date "2022.12.21"]
[WhiteClock "0:00:05"]
[BlackClock "0:01:09"]

1. d4 d5 2. Nf3 Nf6 3. c4 e6 4. Nc3 c6 5. e3 Nbd7 6. Bd3 Bd6 7. O-O O-O 8. e4 dxe4 9. Nxe4 Nxe4 10. Bxe4 Nf6 11. Bc2 b6 12. Bg5 Be7 13. Qd3 g6 14. Ne5 Bb7 15. Qf3 Kg7 16. Qf4 Ng8 17. Bxe7 Qxe7 18. Be4 c5 19. Bxb7 Qxb7 20. Rad1 cxd4 21. Qxd4 Nf6 22. Ng4 Qe7 23. h3 Rfd8 24. Qe5 Rxd1 25. Rxd1 Rd8 26. Rxd8 Qxd8 27. b4 h5 28. Nxf6 Qxf6 29. f4 Qxe5 30. fxe5 f6 31. exf6+ Kxf6 32. Kf2 Ke5 33. Ke3 a6 34. h4 Kf5 35. g3 Ke5 36. a3 a5 37. c5 axb4 38. cxb6 Kd6 39. axb4 1-0


[Site "https://www.chess.com"]

[Event "Titled Tuesday Blitz December 20 Late 2022"]
[White "Jeet, Jain"]
[Black "Arbunic Castro, Giovanna"]
[WhiteFideId "5073022"]
[BlackFideId "3400549"]
[WhiteElo "2067"]
[BlackElo "1959"]
[Result "1-0"]
[Round "06"]
[TimeControl "180+1"]
[Date "2022.12.21"]
[WhiteClock "0:00:18"]
[BlackClock "0:00:01"]

1. d4 Nf6 2. Nf3 g6 3. Bg5 Bg7 4. Nbd2 O-O 5. e4 d6 6. Bd3 c5 7. c3 Nc6 8. h3 cxd4 9. cxd4 Qb6 10. d5 Nd4 11. Nc4 Nxf3+ 12. Qxf3 Qb4+ 13. Bd2 Qc5 14. O-O Qc7 15. Rfc1 Qd8 16. Rab1 e6 17. b4 b6 18. dxe6 Bxe6 19. a4 d5 20. exd5 Bxd5 21. Qf4 Bxg2 22. Qg3 Nh5 23. Qe3 Bh6 24. Qxh6 Qxd3 25. Kxg2 Rac8 26. Ne5 Qe4+ 27. Nf3 Rxc1 28. Rxc1 Nf6 29. Re1 Qd3 30. Re3 1-0


[Site "https://www.chess.com"]